 Dungeon Crawl Stone Soup version 0.28-a0-932-g843f935a50 (webtiles) character file.

Game seed: 8832199914651262666

39 cvjcd the Vexing (level 3, 0/16 HPs)
             Began as a Spriggan Enchanter on Nov 27, 2021.
             Slain by a worm (9 damage)
             ... on level 2 of the Dungeon.
             The game lasted 00:02:44 (1578 turns).

cvjcd the Vexing (Spriggan Enchanter)               Turns: 1578, Time: 00:02:44

Health: 0/16       AC:  2    Str:  5    XL:     3   Next: 28%
Magic:  7/9        EV: 17    Int: 16    God:
Gold:   81         SH:  0    Dex: 15    Spells: 1/9 levels left

rFire   . . .      SeeInvis +   a - +1 dagger
rCold   . . .      Faith    .   (shield restricted)
rNeg    . . .      Spirit   .   b - +0 robe
rPois   .          Reflect  .   (helmet restricted)
rElec   .          Harm     .   c - scarf {+Inv}
rCorr   .          Rampage  .   (gloves unavailable)
Will    .....                   (boots unavailable)
Stlth   +++.......              (no amulet)
HPRegen 0.05/turn               (no ring)
MPRegen 0.11/turn               (no ring)

@: very quick
A: very small, no large weapons, unfitting armour, see invisible, speed 3
a: Evoke Invisibility


You were on level 2 of the Dungeon.
You visited 1 branch of the dungeon, and saw 2 of its levels.

You collected 81 gold pieces.

Inventory:

Hand Weapons
 a - a +1 dagger (weapon)
Armour
 b - a +0 robe (worn)
 c - a scarf of invisibility (worn)
Potions
 e - 2 potions of brilliance
 f - a potion of curing


   Skills:
 - Level 1.1 Short Blades
 - Level 2.6 Dodging
 - Level 4.4 Stealth
 + Level 3.8 Spellcasting
 + Level 4.5 Hexes


You had one spell level left.
You knew the following spells:

 Your Spells              Type           Power      Damage    Failure   Level
a - Ensorcelled Hibernat  Hex/Ice        20%        N/A       10%         2
b - Tukima's Dance        Hex            17%        N/A       8%          3
c - Dazzling Flash        Conj/Hex       20%        N/A       21%         3

Your spell library contained the following spells:

 Spells                   Type           Power      Damage    Failure   Level
 Confusing Touch          Hex            17%        N/A       8%          3


Dungeon Overview and Level Annotations

Branches:
Dungeon (2/15)

Altars:


Innate Abilities, Weirdness & Mutations

You are very small and have problems with some larger weapons.
You are too small for most types of armour.
You have supernaturally acute eyesight. (SInv)
You cover ground extremely quickly. (Speed+++)


Message History

Things that are here:
a +0 club; a goblin corpse You see here a scroll labelled IHO OROINEOBB.
The helpless endoplasm fails to defend itself.
You puncture the endoplasm!
You kill the endoplasm!
No target in view!
d - a scroll labelled IHO OROINEOBB
Things that are here:
a +0 club; a goblin corpse
As you read the scroll labelled IHO OROINEOBB, it crumbles to dust.
You feel aware of your surroundings.
You sensed 1 shop/portal.
It was a scroll of magic mapping.
Unknown command.
Unknown command.
Unknown command.
Unknown command.
Unknown command.
Unknown command.
A worm comes into view.
The worm bites you!
Casting: Ensorcelled Hibernation (safe; 10% risk of failure)
Confirm with . or Enter, or press ? or * to list all spells.
Aiming: Ensorcelled Hibernation (safe; 10% risk of failure)
Press: ? - help, Shift-Dir - straight line, f - worm
Aim: a worm (chance to affect: 50%)
The worm looks drowsy...
The helpless worm fails to defend itself.
You puncture the worm!
The worm is severely wounded.
You hit the worm.
The worm is almost dead.
The worm barely misses you.
You hit the worm but do no damage.
The worm is almost dead.
You hit the worm.
The worm is almost dead.
The worm bites you!
Ouch! That really hurt!
You die...

##########
#..w@....## #######
#..####...#####......
#.,*##..............#
#,,*#......###...#..#
*,,*#......##....#...
*,,*#.#...##.....##.#
*,,......####........
*,.......# ##.#....#
**###.#### #)######


You could see a worm.

Vanquished Creatures
  6 ball pythons
  2 bats
  4 endoplasms
  5 goblins
  3 hobgoblins (D:1)
  6 jackals (D:1)
  2 kobolds
  A quokka (D:1)
  2 frilled lizards (D:1)
  2 rats (D:1)
33 creatures vanquished.

Notes
Turn   | Place    | Note
-------+----------+-------------------------------------------
     0 | D:1      | cvjcd the Spriggan Enchanter began the quest for the Orb.
     0 | D:1      | Reached XP level 1. HP: 9/9 MP: 5/5
   213 | D:1      | Reached XP level 2. HP: 12/13 MP: 7/7
   216 | D:1      | Learned a level 2 spell: Ensorcelled Hibernation
   916 | D:1      | Reached XP level 3. HP: 16/16 MP: 9/9
   920 | D:1      | Learned a level 3 spell: Tukima's Dance
   924 | D:1      | Learned a level 3 spell: Dazzling Flash
  1393 | D:2      | Found a faded altar of an unknown god.
  1578 | D:2      | Slain by a worm

Illustrated notes

Levels and vault maps discovered:
D:1:      heliophobic_arrival_battle_scene, layout_loops_cross, hex_tiny,
          chequers_garden, minivault_27, minmay_pentomino_r4
D:2:      layout_loops_corners, serial_shops, shop,
          hellmonk_ecumenical_altar_pennies_from_heaven

Skill      XL: |  1 |
---------------+----+-----
Spellcasting   | 3 |  3.8
Hexes          | 4 |  4.5
Short Blades   | |  1.1
Dodging        | |  2.6
Stealth        | |  4.4

Action                   || total
-------------------------++-------
Melee: Dagger            ||   137
 Cast: Ensorcelled Hiber ||     7
  Use: Potion            ||     1
       Scroll            ||     4
 Stab: Invisible         ||     2
       Sleeping          ||    16
Armor: Robe              ||    19
Dodge: Dodged            ||   135

Table legend: (Time is in decaauts)
 A = Elapsed time spent in this place.
 B = Non-inter-level travel time spent in this place.
 C = Inter-level travel time spent in this place.
 D = Time resting spent in this place.
 E = Time spent auto-exploring this place.
 F = Levels seen in this place.
 G = Mean time per level.
                   A        B        C        D        E       F      G
               +--------+--------+--------+--------+--------+-----+--------+
         Total |   1234 |   1219 |     15 |      5 |    931 |   2 |  617.0 |
       Dungeon |   1234 |   1219 |     15 |      5 |    931 |   2 |  617.0 |
               +--------+--------+--------+--------+--------+-----+--------+

Top non-repeatable levels by time:
     D:1: 1086 daAuts
     D:2: 148 daAuts
